 Dungeon Crawl Stone Soup version 0.17.1-3-g152610e (webtiles) character file.

98 juanjsm the Sneak (level 4, -6/21 HPs)
             Began as a Spriggan Enchanter on Mar 16, 2016.
             Killed by nerve-wracking pain
             ... invoked by an orc priest
              (13 damage)
             ... on level 3 of the Dungeon.
             The game lasted 00:13:37 (1556 turns).

juanjsm the Sneak (Spriggan Enchanter)              Turns: 1556, Time: 00:13:37

Health: -6/21      AC:  3    Str:  7    XL:     4   Next: 44%
Magic:  0/9        EV: 19    Int: 17    God:
Gold:   130        SH:  0    Dex: 16    Spells: 4 memorised, 0 levels left

rFire  . . .     SeeInvis +     a - +1 dagger
rCold  . . .     Clarity  .     b - +1 robe
rNeg   . . .     SustAt   .     (shield restricted)
rPois  .         Gourm    .     (helmet restricted)
rElec  .         Spirit   .     (no cloak)
rCorr  .         Warding  .     (gloves unavailable)
rMut   .         Stasis   .     (boots unavailable)
MR     .....                    (no amulet)
Stlth  ++++......               (no ring)
                                e - +3 ring of strength

@: very slightly contaminated, very quick, not resistant to hostile
enchantments, stealthy
A: unfitting armour, see invisible, herbivore 3, speed 3, slow metabolism 2
a: no special abilities


You were on level 3 of the Dungeon.
You were not hungry.

You visited 1 branch of the dungeon, and saw 3 of its levels.

You collected 130 gold pieces.

Inventory:

Hand Weapons
 a - a +1 dagger (weapon)
Armour
 b - a +1 robe (worn)
Jewellery
 e - a +3 ring of strength (left hand)
Scrolls
 g - a scroll of fog {unknown}
 i - 2 scrolls of remove curse {unknown}
 j - a scroll of magic mapping {unknown}
 l - a scroll of identify {unknown}
 n - a scroll of recharging {unknown}
 o - a scroll of blinking {unknown}
 q - 3 scrolls of teleportation {unknown}
Potions
 f - 4 potions of curing {unknown}
 k - a potion of beneficial mutation {unknown}
 m - a potion of agility {unknown}
Books
 c - a book of Maledictions

   Spells                             Type                      Level
   a - Corona                         Hexes                        1
   b - Ensorcelled Hibernation        Hexes/Ice                    2
   c - Confuse                        Hexes                        3
   d - Tukima's Dance                 Hexes                        3
   e - Dazzling Spray                 Conjuration/Hexes            3
Comestibles
 d - 2 bread rations
 h - 2 slices of pizza
 p - a royal jelly


   Skills:
 * Level 0.8 Fighting
 * Level 1.7 Short Blades
 * Level 3.6 Dodging
 * Level 6.0 Stealth
 * Level 3.3 Spellcasting
 * Level 4.1 Hexes
 + Level 0.1 Ice Magic


You couldn't memorise any spells.
You knew the following spells:

 Your Spells              Type           Power        Failure   Level  Hunger
a - Corona                Hex            ###....      3%          1    None
b - Ensorcelled Hibernat  Hex/Ice        ##....       14%         2    ##.....
c - Confuse               Hex            ###.....     12%         3    ###....
d - Dazzling Spray        Conj/Hex       #.......     24%         3    ###....


Dungeon Overview and Level Annotations

Branches:
Dungeon (3/15)

Altars:
Gozag
Makhleb
Vehumet
The Shining One


Innate Abilities, Weirdness & Mutations

You are tiny and cannot use many weapons and most armour.
You have supernaturally acute eyesight.
You are a herbivore.
You cover ground extremely quickly.
You need consume almost no food.


Message History

The orc priest invokes the aid of Beogh against you.
Something smites you!
The orc priest calls down the wrath of Beogh upon you.
You struggle to resist.
You hit the orc priest but do no damage.
The orc priest closely misses you.
You hit the orc priest but do no damage.
The orc priest barely misses you.
You hit the orc priest.
The orc priest is lightly wounded.
The orc priest calls upon Beogh to heal the orc priest.
The orc priest's wounds heal themselves!
You hit the orc priest but do no damage.
The orc priest hits you.
A goblin comes into view. It is wielding a club.
The goblin shouts!
The orc priest mumbles some strange prayers to Beogh against you.
Pain shoots through your body!
Ouch! That really hurt!
You die...

o. ######.## #.......#
#......!# #.......#
#......o# #.......#
#......)############.#
#......?..oooo..@..g.#
#........#############
#.......†##...#
#........##...#
######.#......#### #
#.####...##<# # #.#
#...##.# # #.#
#...##.# # #.#
##.....#


You could see 2 orc priests, 2 orcs and a goblin.

Vanquished Creatures
  An orc wizard (D:3)
  2 oozes
  3 worms
  5 giant cockroaches
  6 goblins
  6 hobgoblins
  7 jackals
  A ball python (D:2)
  12 bats
  4 giant newts
  5 kobolds
  4 rats
56 creatures vanquished.

Notes
Turn   | Place    | Note
--------------------------------------------------------------
     0 | D:1      | juanjsm the Spriggan Enchanter began the quest for the Orb.
     0 | D:1      | Reached XP level 1. HP: 9/9 MP: 5/5
   147 | D:1      | Reached XP level 2. HP: 10/13 MP: 3/6
   151 | D:1      | Learned a level 2 spell: Ensorcelled Hibernation
   544 | D:1      | Reached skill level 5 in Stealth
   650 | D:1      | Reached XP level 3. HP: 15/17 MP: 3/8
   866 | D:2      | Learned a level 3 spell: Confuse
  1230 | D:2      | Found a burning altar of Makhleb.
  1279 | D:2      | Found an opulent altar of Gozag.
  1290 | D:2      | Found a glowing golden altar of the Shining One.
  1304 | D:2      | Found a radiant altar of Vehumet.
  1446 | D:3      | Reached XP level 4. HP: 13/21 MP: 5/9
  1503 | D:2      | Learned a level 3 spell: Dazzling Spray
  1538 | D:3      | Reached skill level 6 in Stealth
  1556 | D:3      | Killed from afar by an orc priest

Action                   |  1- 3 |  4- 6 || total
-------------------------+-------+-------++-------
Melee: Dagger            |   146 |     8 ||   154
 Cast: Corona            |    17 |     2 ||    19
       Ensorcelled Hiber |    16 |     2 ||    18
       Confuse           |       |     1 ||     1
 Stab: Sleeping          |    27 |     2 ||    29
